Map: Ascension to Aiur LE

Players

DuRoche

  • Race: Zerg Zerg
  • League: Gold
  • Spawn Location: 11:00

Dauntless - Winner!

  • Race: Terran Terran
  • League: Master
  • Spawn Location: 5:00

VOD

Have the link to the VOD?

Description

Time

  • Played on: Oct. 28, 2017, 12:42 p.m.
  • Length: 5:02
Show
View Real Time Build Order
Export as new Build Order

DuRoche Zerg 

Build Orders: Hatch First 

Get SALT Encoding   

  12  0:02  Drone  
  13  0:13  Overlord  
  13  0:19  Drone  
  14  0:31  Drone x2  
  17  0:35  Drone  
  17  0:55  Hatchery  
  17  0:57  Drone  
  17  1:00  Extractor  
  17  1:02  Drone  
  17  1:08  Drone  
  18  1:19  Spawning Pool  
  17  1:30  Drone x2  
  19  1:39  Overlord  
  19  1:54  Drone  
  21  2:01  Drone  
  21  2:09  Metabolic Boost  
  21  2:10  Queen x2  
  21  2:13  Drone  
  26  2:38  Hatchery  
  25  2:45  Drone x5  
  30  2:57  Queen  
  32  3:01  Overlord  
  32  3:18  Zergling x8  
  32  3:19  Zergling x4  
  39  3:41  Drone x5  
  39  3:42  Drone  
  44  3:56  Queen  
  46  4:07  Extractor  
  46  4:08  Extractor  
  46  4:09  Drone x2  
  46  4:10  Drone x4  
  46  4:11  Overlord x2  
  46  4:12  Overlord  
  50  4:40  Spine Crawler  
  49  4:51  Spine Crawler  
Show
View Real Time Build Order
Export as new Build Order

Dauntless Terran - Winner!

Build Orders:  

Get SALT Encoding   

  12  0:01  SCV  
  13  0:41  Command Center  
Tags
 
Add a new tag
Caveats
  • Supply blocks, unpowered buildings, or Contaminate may cause inaccurate times.
  • Supply counts are checked every 10 seconds.